 Dungeon Crawl Stone Soup version 0.31.0-4-g52a2dc7128 (webtiles) character file.

Game seed: 3247909381139495043

19 Zeia the Magician (level 2, -2/22 HPs)
             Began as a Djinni Fire Elementalist on Jan 22, 2024.
             Slain by a hobgoblin (4 damage)
             ... on level 1 of the Dungeon.
             The game lasted 00:01:23 (136 turns).

Zeia the Magician (Djinni Fire Elementalist)         Turns: 136, Time: 00:01:24

Health: -2/22      AC:  2    Str:  7    XL:     2   Next: 95%
Gold:   0          EV: 12    Int: 16    God:
                   SH:  0    Dex: 13

rFire   + + .        b - staff of air
rCold   x . .        (no shield)
rNeg    . . .        a - +0 robe
rPois   ∞            (no helmet)
rElec   +            (no cloak)
rCorr   .            (no gloves)
SInv    .            (boots unavailable)
Will    .....        (no amulet)
Stlth   ++           (no ring)
HPRegen 0.23/turn    (no ring)
MPRegen 0.00/turn

%: infuse magic (-3 HP)
@: flying
A: sickness immunity, fire resistance 2, cold vulnerability 1, float, innate
caster, HP casting, extra vitality 1
a: no special abilities


You were on level 1 of the Dungeon.
You visited 1 branch of the dungeon, and saw 1 of its levels.

Inventory:

Armour
 a - a +0 robe (worn)
Magical Staves
 b - a staff of air (weapon)


   Skills:
 + Level 1.4 Fighting
 - Level 2.1 Dodging
 - Level 1.5 Stealth
 + Level 3.4 Spellcasting
 + Level 3.4 Conjurations
 + Level 3.4 Hexes
   Level 0.0 Charms
 + Level 3.4 Summonings
 + Level 3.4 Necromancy
 + Level 3.4 Translocations
   Level 0.0 Transmutations
 + Level 3.4 Fire Magic
 + Level 3.4 Ice Magic
 + Level 3.4 Air Magic
 + Level 3.4 Earth Magic
 + Level 3.4 Alchemy


You knew the following spells:

 Your Spells              Type           Power      Damage    Failure   Level
a - Foxfire               Conj/Fire      52%        2x1d6     4%          1
b - Scorch                Fire           26%        2d6       7%          2
c - Volatile Blastmotes   Fire/Tloc      26%        2d12      13%         3
d - Inner Flame           Hex/Fire       13%        N/A       13%         3
e - Flame Wave            Conj/Fire      13%        2d6       41%         4
Your spell library was empty.

Dungeon Overview and Level Annotations

Branches:
Dungeon (1/15)

Altars:


Innate Abilities, Weirdness & Mutations

You are immune to sickness and miasma.
You are immune to poison.
Your flesh is very heat resistant. (rF++)
You are vulnerable to cold. (rC-)
You float through the air rather than walking.
You learn spells naturally, not from books.
Your magical power is your life essence.
You have superior vitality. (+4 MHP)


Message History

The hobgoblin is severely wounded.
The hobgoblin hits you.
The hobgoblin attacks as it pursues you!
The hobgoblin hits you.
Casting: Foxfire (safe; 4% risk of failure)
Confirm with . or Enter, or press ? or * to list all spells.
Flames lash the kobold but do no damage.
The hobgoblin hits you but does no damage.
The kobold hits you with a +0 dagger of protection.
Unknown command.
Casting: Scorch (safe; 7% risk of failure)
Confirm with . or Enter, or press ? or * to list all spells.
Flames lash the kobold.
You kill the kobold!
The hobgoblin misses you. The hobgoblin hits you.
* * * LOW HITPOINT WARNING * * *
Casting: Scorch (safe; 7% risk of failure)
Confirm with . or Enter, or press ? or * to list all spells.
Flames lash the hobgoblin.
You kill the hobgoblin!
* * * LOW HITPOINT WARNING * * *
The hobgoblin hits you.
* * * LOW HITPOINT WARNING * * *
Casting: Scorch (safe; 7% risk of failure)
Confirm with . or Enter, or press ? or * to list all spells.
You conjure some foxfire!
* * * LOW HITPOINT WARNING * * *
The hobgoblin barely misses you.
The foxfire hits the kobold.
The kobold is heavily wounded.
The foxfire hits the kobold.
You kill the kobold!
You hit the hobgoblin.
The hobgoblin is heavily wounded.
The hobgoblin misses you.
Found 14 gold pieces.
Found a stone staircase leading down.
The hobgoblin attacks as it pursues you!
The hobgoblin hits you.
You die...

..# #. ~~~~~..<..~~~~~(.####
..# #.. ..~~~~...~~~~....#
..## #.# ....~~~~~~~.....##
...######.##...~..~~~..~...##
.......##.#8..~....~....~..8#
..##......#.....#..~..#.....#
..###.........####...####...
..#.........#######.#### ##
..#.#...†......g@.......
....#.......)..g#.#...##
..###.................#
......)....†.)........ .
.##.........#####....# #
#.†.......# >..$.
....###.#.#.......... ....
#.#............ ...
#.#....$...


You could see a hobgoblin and a goblin.

Vanquished Creatures
  A bat (D:1)
  An endoplasm (D:1)
  2 hobgoblins (D:1)
  3 jackals (D:1)
  3 kobolds (D:1)
  A ball python (D:1)
  A frilled lizard (D:1)
  3 goblins (D:1)
  A rat (D:1)
16 creatures vanquished.

Vanquished Creatures (others)
  29 foxfires (D:1)
29 creatures vanquished.

Grand Total: 45 creatures vanquished

Notes
Turn   | Place    | Note
-------+----------+-------------------------------------------
     0 | D:1      | Zeia the Djinni Fire Elementalist began the quest for the
                  | Orb.
     0 | D:1      | Zeia set off with the following spells memorised: Foxfire,
                  | Scorch, Volatile Blastmotes, Inner Flame, Flame Wave.
     0 | D:1      | Reached XP level 1. HP: 15/15 MP: 0/0
    81 | D:1      | Reached XP level 2. HP: 21/22 MP: 0/0
    86 | D:1      | Reached skill level 1 in Fighting
   136 | D:1      | Slain by a hobgoblin

Illustrated notes

Levels and vault maps discovered:
D:1:      eino_arrival_water_star, layout_rooms

Skill      XL: |  1  2 |
---------------+-------+-----
Fighting       | 1 |  1.4
Dodging        | |  2.1
Stealth        | |  1.5
Spellcasting   | |  3.4
Conjurations   | |  3.4
Hexes          | |  3.4
Summonings     | |  3.4
Necromancy     | |  3.4
Translocations | |  3.4
Fire Magic     | |  3.4
Ice Magic      | |  3.4
Air Magic      | |  3.4
Earth Magic    | |  3.4
Alchemy        | |  3.4

Action                     || total
---------------------------++-------
  Melee: Unarmed           ||     3
         Staff             ||     1
   Cast: Foxfire           ||    16
         Scorch            ||     3
 Armour: Robe              ||     9
  Dodge: Dodged            ||    11
